 Dungeon Crawl Stone Soup version 0.22.1-1-ga44c0e5 (webtiles) character file.

363 Garbasso the Shooter (level 6, -5/41 HPs)
             Began as an Octopode Arcane Marksman on Oct 10, 2018.
             Slain by a howler monkey (8 damage)
             ... on level 2 of the Dungeon.
             The game lasted 00:09:54 (3852 turns).

Garbasso the Shooter (Octopode Arcane Marksman)     Turns: 3852, Time: 00:09:55

Health: -5/41      AC:  1    Str: 10    XL:     6   Next: 67%
Magic:  10/10      EV: 13    Int: 17    God:
Gold:   154        SH:  0    Dex: 12    Spells: 7/10 levels left

rFire    + . .     SeeInvis .   (no weapon)
rCold    + . .     Gourm    .   (no shield)
rNeg     . . .     Faith    .   (helmet restricted)
rPois    +         Spirit   .   (no amulet)
rElec    +         Reflect  .   (no ring)
rCorr    +         Harm     .   (no ring)
MR       .....                  (no ring)
Stlth    ++........             (no ring)
HPRegen  0.13/turn              (no ring)
MPRegen  0.12/turn              (no ring)
                                (no ring)
                                (no ring)

@: resistant
A: almost no armour, stealthy swim, amphibious, 8 rings, constrict 8, camouflage
1, gelatinous body 1
a: no special abilities


You were on level 2 of the Dungeon.
You were not hungry.

You visited 1 branch of the dungeon, and saw 3 of its levels.

You collected 154 gold pieces.

Inventory:

Hand Weapons
 a - a +0 shortbow
Missiles
 c - 13 arrows
Jewellery
 j - an uncursed ring of stealth {unknown}
Wands
 e - a wand of random effects (11)
 f - a wand of polymorph (8)
Scrolls
 b - a scroll of identify {unknown}
 g - a scroll of immolation {unknown}
 h - a scroll of magic mapping {unknown}
 l - a scroll of fear {unknown}
 m - a scroll of teleportation {unknown}
Comestibles
 d - 4 rations
 o - 4 chunks of flesh


   Skills:
 + Level 2.9 Fighting
 * Level 4.5 Bows
 - Level 2.0 Dodging
 + Level 2.7 Spellcasting
 + Level 4.1 Hexes


You had 7 spell levels left.
You knew the following spells:

 Your Spells              Type           Power        Failure   Level  Hunger
a - Corona                Hex            ###....      3%          1    #......
b - Slow                  Hex            ###.....     4%          2    ##.....

Your spell library contained the following spells:

 Spells                   Type           Power        Failure   Level  Hunger
 Inner Flame              Hex/Fire       #.......     22%         3    ###....
 Portal Projectile        Hex/Tloc       #.....       22%         3    ###....
 Cause Fear               Hex            ###.......   32%         4    #####..
 Leda's Liquefaction      Hex/Erth       #.........   58%         4    #####..


Dungeon Overview and Level Annotations

Branches:
Dungeon (3/15)

Altars:
Fedhas

Annotations:
D:3 2 transporters, Ijyb


Innate Abilities, Weirdness & Mutations

You cannot wear most types of armour.
You are very stealthy in the water. (Stealth+)
You are amphibious.
You can wear up to eight rings at the same time.
You can use your tentacles to constrict eight enemies at once.
Your skin changes colour to match your surroundings (Stealth+).
Your rubbery body absorbs attacks. (AC +1, EV +1)


Message History

* * * LOW HITPOINT WARNING * * *
As you read the scroll labeled JICZUT OGGUTO, it crumbles to dust.
You feel blessed for a moment.
It was a scroll of remove curse.
You constrict the howler monkey. The adder closely misses you.
The howler monkey hits you.
* * * LOW HITPOINT WARNING * * *
The gnoll barely misses you. The adder bites you.
* * * LOW HITPOINT WARNING * * *
You are lethally poisoned!
The adder poisons you!
It was a potion of curing.
You feel better.
You constrict the howler monkey. The howler monkey barely misses you.
The adder closely misses you. The gnoll hits you!
* * * LOW HITPOINT WARNING * * *
The howler monkey closely misses you.
It was a potion of resistance.
You feel protected.
You constrict the howler monkey. The adder bites you but does no damage.
The howler monkey hits you!
You die...

#######
##S....##
#@g.....##
♣♣♣♣♣
#h.......#
♣♣...♣♣
#).......#
♣♣.....♣♣
#........#
♣♣.......♣♣
#........#
♣...._....♣
#........#
♣♣.........♣♣
#.......##
♣...........♣
#........#
♣.♣.......♣.♣
#........#


You could see a howler monkey, a gnoll and an adder.

Vanquished Creatures
  Sigmund (D:3)
  Natasha (thrice) (D:3 D:2)
  3 gnolls
  3 adders
  A worm (D:2)
  2 dart slugs
  4 leopard geckos
  An orc (D:3)
  4 giant cockroaches
  10 goblins
  5 hobgoblins
  4 jackals (D:2)
  A kobold (D:2)
  A ball python (D:3)
  A bat (D:1)
  4 frilled lizards
  5 rats
53 creatures vanquished.

Notes
Turn   | Place    | Note
-------+----------+-------------------------------------------
     0 | D:1      | Garbasso the Octopode Arcane Marksman began the quest for
                  | the Orb.
     0 | D:1      | Reached XP level 1. HP: 13/13 MP: 2/2
    80 | D:1      | Reached XP level 2. HP: 12/18 MP: 3/3
   170 | D:1      | Learned a level 2 spell: Slow
   722 | D:1      | Reached XP level 3. HP: 16/23 MP: 3/5
   933 | D:2      | HP: 1/34 [poisoned by an adder]
  1756 | D:2      | Reached XP level 4. HP: 23/29 MP: 2/6
  2138 | D:2      | Found a faded altar of an unknown god.
  2233 | D:2      | Found a blossoming altar of Fedhas.
  2403 | D:3      | Noticed Ijyb
  2521 | D:3      | Found a transporter.
  2819 | D:3      | Found a transporter.
  2849 | D:3      | Noticed Sigmund
  2868 | D:3      | Killed Sigmund
  2868 | D:3      | Reached XP level 5. HP: 35/35 MP: 2/8
  2868 | D:3      | Reached XP level 6. HP: 41/41 MP: 2/9
  2953 | D:3      | Noticed Natasha
  2975 | D:3      | Killed Natasha
  3264 | D:3      | Noticed Natasha
  3271 | D:3      | Killed Natasha
  3384 | D:3      | Noticed Natasha
  3688 | D:2      | Killed Natasha
  3852 | D:2      | Slain by a howler monkey

Skill      XL: |  1  2  3  4 |
---------------+-------------+-----
Bows           | 3 4 |  4.5
Fighting       | 2 |  2.9
Spellcasting   | 2 |  2.7
Hexes          | 4 |  4.1
Dodging        | |  2.0

Action                   |  1- 3 |  4- 6 || total
-------------------------+-------+-------++-------
Melee: Unarmed           |    64 |   103 ||   167
       Tentacles         |    10 |    15 ||    25
       Constrict         |    13 |    22 ||    35
 Fire: Shortbow          |    21 |    20 ||    41
 Cast: Slow              |     4 |     6 ||    10
       Corona            |       |     1 ||     1
  Use: Potion            |     1 |     2 ||     3
       Scroll            |       |     1 ||     1
 Stab: Sleeping          |     2 |       ||     2
  Eat: Chunk             |     3 |     7 ||    10
Armor: Skin              |    13 |     5 ||    18
Dodge: Dodged            |    43 |    68 ||   111
